 Dungeon Sprint DCSS version 0.23-a0-690-g0a1fc62 (webtiles) character file.

105 galech the Skirmisher (level 4, -5/39 HPs)
             Began as a Demonspawn Fighter on Jan 11, 2019.
             Was an Initiate of Okawaru.
             Slain by a troll (6 damage)
             ... in the Dungeon (Sprint IX: "|||||||||||||||||||||||||||||").
             The game lasted 00:00:58 (261 turns).

galech the Skirmisher (Demonspawn Fighter)           Turns: 261, Time: 00:00:59

Health: -5/39      AC: 10    Str: 25    XL:     4   Next: 54%
Magic:  4/4        EV:  8    Int:  9    God:    Okawaru [......]
Gold:   0          SH: 10    Dex: 13    Spells: 3/3 levels left

rFire    . . .     SeeInvis .   p - +1 broad axe (chop)
rCold    . . .     Gourm    .   c - +0 shield
rNeg     . . .     Faith    .   s - +1 scale mail
rPois    .         Spirit   .   (helmet restricted)
rElec    .         Reflect  .   r - +0 cloak
rCorr    .         Harm     .   a - +0 pair of gloves
MR       .....     NoTele   +   (no boots)
Stlth    ..........             (no amulet)
HPRegen  1.13/turn              u - +3 ring of strength
MPRegen  0.09/turn              (no ring)

@: mighty
A: antennae 1, powered by death 2
a: Renounce Religion


You were in the Dungeon.
You worshipped Okawaru.
Okawaru was noncommittal.
You were not hungry.

You visited 1 branch

Inventory:

Hand Weapons
 p - a +1 broad axe of chopping (weapon)
 q - a +2 scimitar of flaming
Armour
 a - a +0 pair of gloves (worn)
 b - a +0 scale mail
 c - a +0 shield (worn)
 r - a +0 cloak (worn)
 s - a +1 scale mail (worn)
Jewellery
 t - a +3 ring of intelligence
 u - a +3 ring of strength (left hand)
Wands
 o - a wand of acid (10)
Scrolls
 k - 2 scrolls of blinking
 m - 3 scrolls of remove curse
 n - 2 scrolls of amnesia
Potions
 e - 5 potions of curing
 g - 3 potions of heal wounds
 h - a potion of haste
 i - 4 potions of magic
 j - a potion of berserk rage
 l - a potion of invisibility
Comestibles
 f - a ration


   Skills:
 + Level 5.1 Fighting
 + Level 4.7 Axes
 + Level 4.7 Armour
 + Level 1.6 Dodging
 + Level 4.6 Shields


You had 3 spell levels left.
You didn't know any spells.
Your spell library was empty.

Dungeon Overview and Level Annotations

Branches:
Dungeon (1/1)

Altars:
Cheibriados
Dithmenos
Elyvilon
Fedhas
Gozag
Hepliaklqana
Kikubaaqudgha
Makhleb
Nemelex Xobeh
Okawaru
Qazlal
Ru
Sif Muna
Trog
Uskayaw
Vehumet
Wu Jian
Xom
Yredelemnul
Zin
The Shining One
Beogh
Jiyva
Lugonu


Innate Abilities, Weirdness & Mutations

You have a pair of small antennae on your head.
You regenerate health from kills.


Message History

* * * LOW HITPOINT WARNING * * *
The troll claws you but does no damage. The troll barely misses you.
You completely miss the troll.
The troll is severely wounded.
The orc wizard mumbles some strange words.
The orc wizard blinks!
You block the orc wizard's attack. The troll closely misses you.
You block the troll's attack. The troll claws you.
* * * LOW HITPOINT WARNING * * *
You miss the orc wizard. You closely miss the troll.
The orc wizard hits you but does no damage.
The troll bites you.
* * * LOW HITPOINT WARNING * * *
The troll claws you.
* * * LOW HITPOINT WARNING * * *
The troll claws you but does no damage. The orc wizard barely misses you.
The troll bites you.
* * * LOW HITPOINT WARNING * * *
The troll claws you.
You die... ▓▓▓▓▓▓▓▓▓▓▓▓▓▓▓▓▓▓▓▓▓▓▓▓ _______'..|)...o@Talh§.. ▓▓▓▓▓▓▓▓▓▓▓▓▓▓▓▓▓▓▓▓▓▓▓▓

You could see a troll, an iguana, a worker ant, an orc wizard and a jackal.

Vanquished Creatures
  2 crimson imps (D)
  An iguana (D)
  An adder (D)
  A bat skeleton (D)
  A goblin (D)
  3 hobgoblins (D)
  A quokka (D)
  A kobold (D)
11 creatures vanquished.

Notes
Turn   | Place    | Note
-------+----------+-------------------------------------------
     0 | D        | galech the Demonspawn Fighter began the quest for the Orb.
     0 | D        | Reached XP level 1. HP: 18/18 MP: 1/1
    28 | D        | Noticed a crimson imp
    28 | D        | Noticed a crimson imp
    33 | D        | Killed a crimson imp
    33 | D        | Reached skill level 4 in Fighting
    33 | D        | Gained mutation: You have a pair of small antennae on your
                  | head. [demonic ancestry]
    33 | D        | Reached XP level 2. HP: 15/26 MP: 2/2
    33 | D        | Gained mutation: You regenerate a little health from kills.
                  | [demonic ancestry]
    33 | D        | Reached XP level 3. HP: 18/31 MP: 3/3
    61 | D        | Found a roughly hewn altar of Beogh.
    61 | D        | Found a snail-covered altar of Cheibriados.
    61 | D        | Found a shadowy altar of Dithmenos.
    61 | D        | Found a white marble altar of Elyvilon.
    61 | D        | Found a blossoming altar of Fedhas.
    61 | D        | Found an opulent altar of Gozag.
    62 | D        | Found a hazy altar of Hepliaklqana.
    63 | D        | Found a viscous altar of Jiyva.
   118 | D        | Found an ancient bone altar of Kikubaaqudgha.
   119 | D        | Found a corrupted altar of Lugonu.
   120 | D        | Found a burning altar of Makhleb.
   121 | D        | Found a sparkling altar of Nemelex Xobeh.
   122 | D        | Found an iron altar of Okawaru.
   123 | D        | Found a stormy altar of Qazlal.
   124 | D        | Found a sacrificial altar of Ru.
   176 | D        | Reached skill level 5 in Fighting
   176 | D        | Reached skill level 1 in Dodging
   176 | D        | Gained mutation: You regenerate health from kills. [demonic
                  | ancestry]
   176 | D        | Reached XP level 4. HP: 35/39 MP: 4/4
   194 | D        | Found a deep blue altar of Sif Muna.
   195 | D        | Found a bloodstained altar of Trog.
   196 | D        | Found a hide-covered altar of Uskayaw.
   197 | D        | Found a radiant altar of Vehumet.
   198 | D        | Found an ornate altar of the Wu Jian Council.
   199 | D        | Became a worshipper of Warmaster Okawaru
   200 | D        | Found a shimmering altar of Xom.
   201 | D        | Found a basalt altar of Yredelemnul.
   202 | D        | Found a glowing silver altar of Zin.
   203 | D        | Found a glowing golden altar of the Shining One.
   254 | D        | Noticed a troll
   261 | D        | HP: 1/39 [troll (4)]
   261 | D        | Slain by a troll

Vault maps used:
D:        linesprint

Skill      XL: |  1  2  3 |
---------------+----------+-----
Armour         | 4 |  4.7
Shields        | 4 |  4.6
Axes           | 2 4 |  4.7
Fighting       | 4 5 |  5.1
Dodging        | 1 |  1.6

Action                   |  1- 3 |  4- 6 || total
-------------------------+-------+-------++-------
Melee: War axe           |    85 |       ||    85
       Broad axe         |       |     6 ||     6
  Use: Potion            |       |     1 ||     1
Armor: Scale mail        |    44 |     5 ||    49
Dodge: Dodged            |    32 |     6 ||    38
Block: Shield            |    34 |     5 ||    39

Table legend:
 A = Non-vault XP
 B = Vault XP
 C = Vault XP percentage of total XP
 D = Non-vault monster count
 E = Vault monster count
 F = Vault count percentage of total count
                 A         B        C        D         E       F
            +---------+---------+-------+---------+---------+-------
      Total |       0 |     151 | 100.0 |       0 |      11 | 100.0
            +---------+---------+-------+---------+---------+-------
          D |       0 |     151 | 100.0 |       0 |      11 | 100.0
            +---------+---------+-------+---------+---------+-------
